 Dungeon Crawl Stone Soup version 0.30-a0-857-gcaf7073 (webtiles) character file.

Game seed: 9601957842447844834

66 Illumine the Magician (level 4, -2/33 HPs)
             Began as a Meteoran Hedge Wizard on Mar 5, 2023.
             Slain by an iguana (11 damage)
             ... on level 4 of the Dungeon.
             The game lasted 00:03:22 (897 turns).

Illumine the Magician (Meteoran Hedge Wizard)        Turns: 897, Time: 00:03:22

Health: -2/33      AC:  3    Str: 12    XL:     4   Next: 63%
Magic:  5/11       EV: 12    Int: 17    God:
Gold:   107        SH:  0    Dex: 13    Spells: 4/12 levels left

rFire   . . .      SeeInvis +    a - +0 dagger
rCold   . . .      Faith    .    (no shield)
rNeg    . . .      Spirit   .    b - +0 robe
rPois   +          Reflect  .    c - +0 hat
rElec   .          Rampage  .    (no cloak)
rCorr   .                        (no gloves)
Will    .....                    e - +0 pair of boots
Stlth   +                        (no amulet)
HPRegen 0.25/turn                j - ring of see invisible
MPRegen 0.12/turn                o - ring of poison resistance

@: very slightly contaminated, glowing
A: sense surroundings 1, otherworldly, glowing, explore regen
a: no special abilities


You were on level 4 of the Dungeon.
You visited 1 branch of the dungeon, and saw 4 of its levels.

You collected 107 gold pieces.

Inventory:

Hand Weapons
 a - a +0 dagger (weapon)
Armour
 b - a +0 robe (worn)
 c - a +0 hat (worn)
 e - a +0 pair of boots (worn)
Jewellery
 j - a ring of see invisible (left hand)
 o - a ring of poison resistance (right hand)
 r - a ring of fire
Scrolls
 f - a scroll of fog {unknown}
 g - a scroll of silence {unknown}
 h - a scroll of immolation {unknown}
 m - 3 scrolls of identify {unknown}
 n - a scroll of teleportation {unknown}
 p - a scroll of blinking {unknown}
Potions
 i - a potion of degeneration {unknown}
 k - a potion of cancellation {unknown}
 l - a potion of lignification {unknown}
 q - a potion of might {unknown}


   Skills:
 - Level 2.4 Dodging
 - Level 1.4 Stealth
 + Level 4.5 Spellcasting
 + Level 2.7 Conjurations
 * Level 2.6 Summonings
 - Level 1.2 Translocations
 + Level 1.1 Air Magic
 + Level 1.0 Poison Magic


You had 4 spell levels left.
You knew the following spells:

 Your Spells              Type           Power      Damage    Failure   Level
a - Magic Dart            Conj           52%        1d5       4%          1
b - Blink                 Tloc           16%        N/A       14%         2
c - Call Imp              Summ           12%        N/A       8%          2
d - Mephitic Cloud        Conj/Pois/Air  9%         N/A       22%         3

Your spell library contained the following spells:

 Spells                   Type           Power      Damage    Failure   Level
 Slow                     Hex            12%        N/A       16%         1
 Cigotuvi's Dreadful Rot  Necr/Pois/Air  12%        N/A       17%         2


Dungeon Overview and Level Annotations

Branches:
Dungeon (4/15) Zot: 1501
 Temple: D:4-7

Altars:
Elyvilon
Kikubaaqudgha

Annotations:
D:2 Terence
D:3 Sigmund


Innate Abilities, Weirdness & Mutations

You passively map a small area around you.
You are easily found by Zot.
You glow in the dark.
You regain HP and MP as you explore.


Message History

You aren't carrying any items that you can evoke.
Unknown command.
Magic courses through your body. The iguana closely misses you.
Casting: Magic Dart (safe; 4% risk of failure)
Confirm with . or Enter, or press ? or * to list all spells.
Aiming: Magic Dart (safe; 4% risk of failure)
Press: ? - help, Shift-Dir - straight line, f/p - iguana
Aim: an iguana (severely wounded, ally target, 100% to hit)
The magic dart hits the iguana but does no damage.
The iguana is severely wounded.
The iguana closely misses you.
Casting: Magic Dart (safe; 4% risk of failure)
Confirm with . or Enter, or press ? or * to list all spells.
Aiming: Magic Dart (safe; 4% risk of failure)
Press: ? - help, Shift-Dir - straight line, f/p - iguana
Aim: an iguana (severely wounded, ally target, 100% to hit)
The magic dart hits the iguana but does no damage.
The iguana is severely wounded.
The iguana misses you.
Your crimson imp blinks!
Casting: Magic Dart (safe; 4% risk of failure)
Confirm with . or Enter, or press ? or * to list all spells.
Aiming: Magic Dart (safe; 4% risk of failure)
Press: ? - help, Shift-Dir - straight line, f/p - iguana
Aim: an iguana (severely wounded, ally target, 100% to hit)
You miscast Magic Dart.
You are very lightly contaminated with residual magic.
Nothing appears to happen.
The iguana bites you!
* * * LOW HITPOINT WARNING * * *
Casting: Magic Dart (safe; 4% risk of failure)
Confirm with . or Enter, or press ? or * to list all spells.
Okay, then.
Casting: Magic Dart (safe; 4% risk of failure)
Confirm with . or Enter, or press ? or * to list all spells.
The spell is quite dangerous to miscast (22% risk of failure)!
Continue anyway?
Aiming: Mephitic Cloud (quite dangerous; 22% risk of failure)
Press: ? - help, Shift-Dir - straight line, f/p - iguana
Aim: an iguana (severely wounded, ally target, chance to affect: 86%)
You miscast Mephitic Cloud.
Nothing appears to happen.
The iguana bites you!
You die...

#......###########
#...##...........##
##.#######......... #.#
#.#####.#. #.# #.# #.#
#.# #.# #.# #5# #.# #.##
#######.# #.# #.##
#.....l@# ###.### #.##
***
#$###########.....###.#.
, ... ,
,......#.###.##....
*#..., ,,..###...#
#..[..#. , #.#.,
.......<###......# *
#(#., #.#####..........#
.,.. * #.#.#..###.. ##
.. ,........+ #.† * *
*###.#.#..###..


You could see an iguana (ally target) and a friendly crimson imp (summoned).

Vanquished Creatures
  A hound (D:4)
  An adder (D:4)
  A dart slug (D:1)
  3 endoplasms
  2 giant cockroaches
  A goblin (D:2)
  3 hobgoblins
  A quokka (D:2)
  A ball python (D:2)
  A frilled lizard (D:1)
  A kobold (D:2)
16 creatures vanquished.

Vanquished Creatures (collateral kills)
  An adder (D:4)
1 creature vanquished.

Grand Total: 17 creatures vanquished

Notes
Turn   | Place    | Note
-------+----------+-------------------------------------------
     0 | D:1      | Illumine the Meteoran Hedge Wizard began the quest for the
                  | Orb.
     0 | D:1      | Reached XP level 1. HP: 14/14 MP: 6/6
   227 | D:1      | Reached XP level 2. HP: 15/20 MP: 1/8
   239 | D:1      | Learned a level 2 spell: Blink
   242 | D:1      | Learned a level 2 spell: Call Imp
   356 | D:2      | Noticed Terence
   486 | D:3      | Noticed Sigmund
   657 | D:4      | Reached XP level 3. HP: 26/26 MP: 4/9
   664 | D:4      | Learned a level 3 spell: Mephitic Cloud
   727 | D:4      | Reached XP level 4. HP: 23/33 MP: 0/11
   786 | D:4      | Reached skill level 1 in Air Magic
   792 | D:4      | Reached skill level 1 in Poison Magic
   822 | D:3      | Found an ancient bone altar of Kikubaaqudgha.
   823 | D:3      | Found a white marble altar of Elyvilon.
   897 | D:4      | Slain by an iguana

Illustrated notes

Levels and vault maps discovered:
D:1:      dpeg_arrival_circle_labyrinth_c, layout_basic
D:2:      layout_loops_ring, serial_bayou, serial_bayou_pond_c,
          serial_bayou_shore_b, serial_bayou_shore_b, serial_bayou_pond_e,
          serial_bayou_pond_d, uniq_terence, uniq_natasha
D:3:      layout_loops_ring, gammafunk_temple_overflow_statue, uniq_sigmund
D:4:      layout_loops_ring, kennysheep_mini_moat, okawaru_gym_becter

Skill      XL: |  1  2  3  4 |
---------------+-------------+-----
Conjurations   | 2 |  2.7
Summonings     | 2 |  2.6
Air Magic      | 1 |  1.1
Poison Magic   | 1 |  1.0
Dodging        | |  2.4
Stealth        | |  1.4
Spellcasting   | |  4.5
Translocations | |  1.2

Action                     |  1- 3 |  4- 6 || total
---------------------------+-------+-------++-------
  Melee: Dagger            |     6 |     1 ||     7
   Cast: Magic Dart        |    53 |    10 ||    63
         Call Imp          |     1 |     6 ||     7
    Use: Potion            |       |     1 ||     1
 Armour: Robe              |     7 |     1 ||     8
  Dodge: Dodged            |    10 |     5 ||    15

Table legend: (Time is in decaauts)
 A = Elapsed time spent in this place.
 B = Non-inter-level travel time spent in this place.
 C = Inter-level travel time spent in this place.
 D = Time resting spent in this place.
 E = Time spent auto-exploring this place.
 F = Levels seen in this place.
 G = Mean time per level.
                   A        B        C        D        E       F      G
               +--------+--------+--------+--------+--------+-----+--------+
         Total |    897 |    875 |     22 |     70 |    409 |   4 |  224.2 |
       Dungeon |    897 |    875 |     22 |     70 |    409 |   4 |  224.2 |
               +--------+--------+--------+--------+--------+-----+--------+

Top non-repeatable levels by time:
     D:1: 272 daAuts
     D:2: 247 daAuts
     D:4: 245 daAuts
     D:3: 131 daAuts
